[Event "*** Titled Tuesday Blitz"]
[Site "Chess.com"]
[Date "2019.04.02"]
[Round "1"]
[White "effefe"]
[Black "SoltaniciR"]
[Result "0-1"]
[WhiteElo "2253"]
[BlackElo "2590"]
[TimeControl "180+2"]
[EndTime "14:09:40 PDT"]
[Termination "SoltaniciR won by resignation"]

1. d4 Nf6 2. c4 Nc6 3. Nc3 e5 4. d5 Ne7 5. e4 Ng6 6. f3 Bc5 7. Nh3 d6 8. Nf2 O-O 9. Nd3 Bb6 10. Na4 Ba5+ 11. b4 Bb6 12. Nxb6 axb6 13. Be2 Nh5 14. O-O f5 15. exf5 Bxf5 16. Be3 Nhf4 17. Nxf4 Nxf4 18.
Bxf4 exf4 19. Bd3 Bxd3 20. Qxd3 Qf6 21. a3 Rfe8 22. Rae1 Re5 23. Rxe5 Qxe5 24. Rb1 Re8 25. Kf2 Qe3+ 26. Qxe3 Rxe3 27. a4 Rc3 28. a5 Rxc4 29. axb6 cxb6 30. Ke2 Rd4 31. Rc1 Rxd5 32. Rc7 Rb5 33.
Rxb7 Rxb4 34. Kd3 Rb2 35. Ke4 Rxg2 36. Rxb6 Rxh2 37. Kxf4 Rd2 38. Rb7 h6 39. Rd7 Kh7 40.
Ke3 Rd1 41. Ke2 Rd5 42. Ke3 Kg6 43. Ke4 Rd1 44. f4 Kf6 45. Rd8 Re1+ 46. Kf3 Rd1 47. Rf8+ Ke7 48. Rg8 Kf7 49. Rd8 d5 50. Ke2 Rd4 51.
Ke3 Ke7 52. Rg8 Re4+ 53. Kf3 Kf6 54. Rd8 Ke6 55. Re8+ Kd6 56. Rg8 Re7 57. Rd8+ Kc5 58. f5 d4 59. Kf4 Kc4 60. Rc8+ Kd3 61. Rc6 Kd2 62. f6 gxf6 63. Rxf6 d3 64. Rxh6 Kc2 65.
Rc6+ Kd1 66. Kf3 d2 67. Ra6 Ke1 0-1

[Event "*** Titled Tuesday Blitz"]
[Site "Chess.com"]
[Date "2019.04.02"]
[Round "1"]
[White "chessdjw"]
[Black "Orest_Vovk"]
[Result "1/2-1/2"]
[WhiteElo "2625"]
[BlackElo "2323"]
[TimeControl "180+2"]
[EndTime "14:09:43 PDT"]
[Termination "Game drawn by agreement"]

1. Nf3 h6 2. g3 g5 3. Bg2 g4 4. Ne5 d6 5. Nc4 Bg7 6. d4 Nc6 7.
c3 h5 8. h3 h4 9. hxg4 hxg3 10. Be3 gxf2+ 11. Bxf2 Rxh1+ 12. Bxh1 Bxg4 13. Nbd2 Qd7 14. Qa4 d5 15. Ne3 Be6 16. O-O-O Nf6 17. Rg1 Bh6 18. Nc2 O-O-O 19. Be3 Bxe3 20. Nxe3 a6 21. Qd1 Rg8 22. Rxg8+ Nxg8 23. Qg1 Nf6 24.
Qg7 Qd8 25. Nf3 Qg8 26. Qxg8+ Nxg8 27. Ng5 Nf6 28. Nxe6 fxe6 29. Kd2 Kd7 30. Kd3 b5 31. Bg2 Kd6 32. Bh3 Ne4 33. Bg2 Ng3 34. b3 e5 35.
Nxd5 exd4 36. cxd4 e6 37. Nf4 Nb4+ 38. Ke3 Nxa2 39.
Bh3 Nf5+ 40. Ke4 Nc3+ 41. Kd3 Nd1 42. Bxf5 exf5 43. Nh3 b4 44. Kc4 Nc3 45. Nf4 a5 46. e3 c6 47. Nh5 Nd5 48. Kd3 Nb6 49. Ng7 a4 50. bxa4 Nxa4 51. Nxf5+ Ke6 52. e4 b3 53. Ne3 b2 54. Kc2 b1=Q+ 55. Kxb1 Nc3+ 56. Kc2 Nxe4 57. Kd3 Nf6 58. Kc4 Nd7 1/2-1/2

[Event "*** Titled Tuesday Blitz"]
[Site "Chess.com"]
[Date "2019.04.02"]
[Round "1"]
[White "Benek77"]
[Black "NemtsevIgor"]
[Result "0-1"]
[WhiteElo "2583"]
[BlackElo "2325"]
[TimeControl "180+2"]
[EndTime "14:09:45 PDT"]
[Termination "NemtsevIgor won by checkmate"]

1. e4 c6 2. d4 d5 3. Nc3 h6 4. h3 dxe4 5. Nxe4 Nf6 6. Nxf6+ exf6 7. Bd3 Bd6 8. Ne2 O-O 9. O-O Be6 10. Bf4 Qc7 11.
Bxd6 Qxd6 12. c3 Nd7 13. Qd2 Rad8 14. Rfe1 c5 15. Qe3 Rfe8 16. Qe4 f5 17. Qxb7 Rb8 18. Qxa7 Ra8 19. Qb7 Bd5 20. dxc5 Nxc5 21. Qb5 Reb8 22. Nd4 Rxb5 23. Bxb5 g6 24. a4 Ne6 25. Rad1 Nxd4 26. Rxd4 Rd8 27. Red1 Qe5 28. c4 Kg7 29. Rxd5 Rxd5 30.
cxd5 Qxb2 31. d6 Qc2 32. Rd3 Qc1+ 33. Kh2 Qf4+ 34. Kg1 Qc1+ 35. Kh2 Qf4+ 36. Rg3 Qxd6 37. Kg1 Qd1+ 38. Kh2 h5 39. Rd3 Qa1 40. g3 f4 41.
gxf4 h4 42. Kg2 Qf6 43. Kf3 Qb6 44. Ke2 Qc5 45. Re3 Qc2+ 46. Kf3 Qd1+ 47. Kg2 Qd4 48. Kf3 f5 49. Re7+ Kh6 50. Re3 Qd5+ 51.
Ke2 Qh1 52. Kd2 Qh2 53. Rf3 Qg1 54. Ke2 Qc1 55. Re3 Qb2+ 56. Kf3 Qd4 57. Rd3 Qe4# 0-1

[Event "*** Titled Tuesday Blitz"]
[Site "Chess.com"]
[Date "2019.04.02"]
[Round "1"]
[White "IakovUlivar"]
[Black "NCchamp"]
[Result "1-0"]
[WhiteElo "2532"]
[BlackElo "2152"]
[TimeControl "180+2"]
[EndTime "14:09:46 PDT"]
[Termination "IakovUlivar won by resignation"]

1. e4 c5 2. Nf3 e6 3. g3 Nc6 4. Bg2 g6 5. O-O Bg7 6. c3 Nf6 7. e5 Nd5 8. d4 cxd4 9. cxd4 d6 10. exd6 Qxd6 11. Nc3 O-O 12. Ne4 Qc7 13. Bg5 Qb6 14. Qd2 Nxd4 15. Nxd4 Qxd4 16. Qxd4 Bxd4 17. Rab1 Kg7 18.
Rfd1 e5 19. Nd6 Be6 20. Nb5 f6 21. Nxd4 exd4 22. Rxd4 fxg5 23. Bxd5 Bxd5 24. Rxd5 Rac8 25. Rd7+ Rf7 26. Rbd1 Rc7 27. Rxc7 Rxc7 28. Rd2 Kf6 29. h3 Kf5 30. Kf1 Re7 31. Kg2 h5 32. Kf3 Rc7 33.
g4+ Kf6 34. Rd6+ Kg7 35. Ke3 Re7+ 36. Kd3 Rf7 37. Ke3 Re7+ 38. Kf3 Rf7+ 39. Kg2 Re7 40. a4 Rc7 41. a5 a6 42. b4 Re7 43. Rb6 Rf7 44. Kg3 Re7 45. f3 Rf7 46. b5 axb5 47.
Rxb5 Kh6 48. Rb6 Kg7 49. h4 gxh4+ 50. Kxh4 hxg4 51. Kxg4 Kh6 52. f4 Kg7 53. Rb5 Kh6 54. f5 gxf5+ 55. Rxf5 Rxf5 56. Kxf5 Kg7 57. Ke6 Kf8 58.
Kd7 1-0

[Event "*** Titled Tuesday Blitz"]
[Site "Chess.com"]
[Date "2019.04.02"]
[Round "1"]
[White "AdrianaNikolova"]
[Black "champ2005"]
[Result "1-0"]
[WhiteElo "2470"]
[BlackElo "2807"]
[TimeControl "180+2"]
[EndTime "14:09:50 PDT"]
[Termination "AdrianaNikolova won by resignation"]

1. e4 e5 2. Nf3 Nf6 3. Nc3 Nc6 4. Bb5 Bb4 5. O-O O-O 6. d3 d6 7. Bg5 Bxc3 8. bxc3 Ne7 9. Nh4 Ng6 10. Nf5 h6 11. Bc1 c6 12. Ba4 Bxf5 13. exf5 Ne7 14. Qf3 Qa5 15. Bb3 Qxc3 16. Rb1 Qa5 17. g4 Nfd5 18. Bxd5 Qxd5 19. Qxd5 Nxd5 20. Rxb7 Rfb8 21. Rd7 Rd8 22.
Rb7 Rab8 23. Rxa7 Nb4 24. Bd2 Nxc2 25. Rc1 Nd4 26. Kg2 Ra8 27. Rxa8 Rxa8 28. Ra1 Nb3 29. Rd1 Rxa2 30. Be3 Rb2 31. Kg3 d5 32. f4 f6 33.
h4 d4 34. Bg1 Nc5 35. g5 Rb3 36. gxf6 gxf6 37. fxe5 fxe5 38. Kg4 Nxd3 39. Kh5 Kf7 40. Kxh6 c5 41. Bh2 e4 42. Rg1 e3 43. Rg7+ Ke8 44. f6 Rb6 45. Kg5 Re6 46. Bg3 e2 47. Rg8+ Kf7 48.
Rg7+ Kf8 49. h5 Ne5 50. h6 Nf7+ 51. Kg6 Re3 52. Be1 Rh3 53. Rxf7+ Ke8 54. Re7+ Kd8 55. Rg7 d3 56. h7 c4 1-0

[Event "*** Titled Tuesday Blitz"]
[Site "Chess.com"]
[Date "2019.04.02"]
[Round "1"]
[White "mikhaillushenkov"]
[Black "JoachimMouhamad"]
[Result "1-0"]
[WhiteElo "2654"]
[BlackElo "2339"]
[TimeControl "180+2"]
[EndTime "14:09:51 PDT"]
[Termination "mikhaillushenkov won by resignation"]

1. Nf3 c5 2. c4 Nc6 3. Nc3 g6 4. e3 Bg7 5. d4 cxd4 6. exd4 Nf6 7. d5 Nb8 8. Bd3 O-O 9. O-O d6 10. Re1 Nbd7 11. h3 Re8 12. Bf4 Nc5 13. Bc2 e5 14. dxe6 Rxe6 15. Rxe6 Bxe6 16. Bxd6 Qb6 17. Bxc5 Qxc5 18.
b3 Qc7 19. Nb5 Qf4 20. Rb1 a6 21.
Qd6 Qxd6 22. Nxd6 b5 23. c5 Nd5 24. Be4 Rd8 25. Bxd5 Bxd5 26. Rd1 Ba8 27. Nd4 b4 28. Nc2 a5 29. Nd4 Kf8 30. Kf1 Be5 31.
N4b5 Bc6 32. Na7 Ba8 33. f3 Rd7 34. Nac8 Rc7 35. Nb6 Bc6 36. Nbc4 Bg3 37. Nxa5 Bb5+ 38. Nxb5 Rxc5 39. Nc4 Rxb5 40. Rd7 Rc5 41. Ke2 Rb5 42. Kd3 Rb8 43. Ne3 Ra8 44. Nd5 Be1 45. Ke2 Bc3 46.
Nxc3 bxc3 47. Kd3 Rxa2 48. Kxc3 Rxg2 49. b4 Rg3 50. Rd3 Rxh3 51. b5 Rh5 52. Kc4 Ke7 53.
b6 Rh1 54. b7 Rc1+ 55. Rc3 1-0

[Event "*** Titled Tuesday Blitz"]
[Site "Chess.com"]
[Date "2019.04.02"]
[Round "1"]
[White "VFernandezB"]
[Black "ChessicallyInclined"]
[Result "0-1"]
[WhiteElo "2175"]
[BlackElo "2544"]
[TimeControl "180+2"]
[EndTime "14:09:53 PDT"]
[Termination "ChessicallyInclined won by resignation"]

1. d4 Nf6 2. Nf3 g6 3. c4 Bg7 4. g3 O-O 5. Bg2 d6 6. O-O c6 7.
Nc3 Qa5 8. Qd2 Nbd7 9. Nd5 Qd8 10. Nxf6+ Nxf6 11. b3 Bf5 12. Bb2 Qd7 13. Rfe1 Ne4 14. Qd1 Bh3 15. Bh1 f5 16. Nd2 Nf6 17. d5 Rae8 18. Nf3 f4 19. Ng5 fxg3 20. hxg3 Bg4 21.
f3 Bf5 22. e4 Bh3 23. Qd2 cxd5 24. exd5 Nh5 25. Bxg7 Nxg7 26. Nxh3 Qxh3 27. Qh2 Qf5 28. Re4 e5 29. dxe6 Rxe6 30. Rae1 Rfe8 31. Qc2 Rxe4 32.
Rxe4 Rxe4 33. Qxe4 Qxe4 34. fxe4 b6 35. Kf2 Kf7 36. Ke3 Ke6 37. Bf3 Ke5 38. Bg4 h5 39. Bh3 Ne8 40. Bg2 Nf6 41. Bf3 g5 42. Kd3 h4 43. gxh4 gxh4 44. Ke3 h3 45. b4 h2 46. Bh1 Nd7 47. a3 a6 48. Kd3 b5 49. Kc3 Nf6 50.
cxb5 axb5 51. Kd3 Ng4 52. Ke2 Kd4 53. Kf3 Ne5+ 54. Kg3 Nc4 55. Kxh2 Nxa3 56. Kg3 Nc2 57. Kf4 Nxb4 58. Kf5 Nd3 59. Ke6 b4 60. e5 dxe5 61.
Bd5 e4 0-1

[Event "*** Titled Tuesday Blitz"]
[Site "Chess.com"]
[Date "2019.04.02"]
[Round "1"]
[White "pultineviciuspaulius"]
[Black "Maili15"]
[Result "0-1"]
[WhiteElo "2569"]
[BlackElo "2272"]
[TimeControl "180+2"]
[EndTime "14:09:55 PDT"]
[Termination "Maili15 won by resignation"]

1. d4 d5 2. c4 e6 3. Nc3 c6 4.
e4 dxe4 5. Nxe4 Bb4+ 6. Nc3 Nf6 7.
Nf3 O-O 8. Bd3 Nbd7 9. O-O Bxc3 10. bxc3 Re8 11. c5 Qc7 12. Re1 b6 13. cxb6 axb6 14. a4 Bb7 15. Ne5 c5 16. Nxd7 Qxd7 17. Bg5 Qd5 18.
Qf3 Qxf3 19. gxf3 Bxf3 20. Reb1 cxd4 21. cxd4 Nd5 22. Bc4 Reb8 23. Rb3 Be4 24. f3 Bc2 25. Bxd5 exd5 26. Rb4 Ra5 27. Bf4 Rba8 28. Rxb6 Rxa4 29. Rxa4 Bxa4 30. Kf2 h6 31. Kg3 Re8 32. h4 Bd1 33.
Rb5 Rd8 34. Be5 f6 35. Bf4 g5 36. hxg5 hxg5 37. Bd2 Kf7 38. Rb7+ Kg6 39. Bb4 Re8 40. Be7 Kf5 41. Kf2 Ke6 42. Bc5 Kf5 43. Rb1 Bc2 44.
Rc1 Bd3 45. Rc3 Bc4 46. Rc2 Re6 47. Kg3 Re3 48. Rh2 Bb3 49. Kf2 Rc3 50. Rh6 Bd1 51.
Be7 Rxf3+ 52. Kg2 Kg4 53. Bxf6 Be2 54. Be5 Rd3 55. Kf2 Bf3 56. Rg6 Rd2+ 57. Ke1 Rd1+ 58. Kf2 Rd2+ 59. Ke3 Re2+ 60. Kd3 Rxe5 61. Ra6 Be4+ 62.
Ke3 Rf5 63. Ra1 Rf3+ 64. Kd2 Kf4 65. Rg1 g4 66. Ke2 g3 67. Kd2 Rf2+ 68. Kc1 g2 69. Rxg2 Rxg2 70. Kd1 0-1

[Event "*** Titled Tuesday Blitz"]
[Site "Chess.com"]
[Date "2019.04.02"]
[Round "1"]
[White "SolidAsARook"]
[Black "LawrenceTrent"]
[Result "1/2-1/2"]
[WhiteElo "2232"]
[BlackElo "2558"]
[TimeControl "180+2"]
[EndTime "14:09:56 PDT"]
[Termination "Game drawn by agreement"]

1. c4 g6 2. g3 Bg7 3. Bg2 Nf6 4. Nc3 O-O 5. e4 d6 6. Nge2 c5 7. O-O Nc6 8. d3 Ne8 9. Be3 Nd4 10. Rb1 a5 11. h3 Nc7 12. f4 f5 13. Kh2 Rb8 14.
b3 e6 15. Qd2 Bd7 16. Rbe1 Bc6 17. exf5 gxf5 18. Bg1 Qd7 19. Nxd4 cxd4 20. Ne2 Bxg2 21. Kxg2 e5 22. Kh2 Ra8 23. Rf2 Ne6 24. Ref1 e4 25. Rg2 d5 26. g4 dxc4 27. bxc4 e3 28. Qe1 Kh8 29. Qh4 fxg4 30. hxg4 Nxf4 31. Nxf4 Be5 32. g5 Qd6 33. Rg4 e2 34. Rf3 Rxf4 35.
Rgxf4 Rf8 36. g6 Bxf4+ 37. Kh1 Qxg6 38. Bxd4+ Kg8 39. Bc5 Re8 40. Bf2 Qg5 41. Qxf4 e1=Q+ 42. Bxe1 Rxe1+ 43. Kh2 Re2+ 44. Kh3 Qh5+ 45. Kg3 Qh2+ 46.
Kg4 Rg2+ 47. Kf5 Qxf4+ 48. Kxf4 Rxa2 49. Kf5 a4 50. d4 Rc2 51. c5 Re2 52. Kf6 Kf8 53.
Ra3 Rf2+ 54. Ke5 Re2+ 55. Kd5 h5 56. Rxa4 h4 57. Ra3 Rh2 58. Ke6 h3 59. d5 Rh1 60.
Kd7 h2 61. Rh3 Rd1 62. Rxh2 Rxd5+ 63. Kc7 Rxc5+ 64. Kxb7 Ke7 1/2-1/2

[Event "*** Titled Tuesday Blitz"]
[Site "Chess.com"]
[Date "2019.04.02"]
[Round "1"]
[White "PawnEatingZombie"]
[Black "TST2014"]
[Result "0-1"]
[WhiteElo "2141"]
[BlackElo "2530"]
[TimeControl "180+2"]
[EndTime "14:09:57 PDT"]
[Termination "TST2014 won by resignation"]

1. d4 Nf6 2. c4 c5 3. d5 e6 4. Nc3 exd5 5. cxd5 d6 6. Nf3 g6 7. Bf4 Bg7 8. Qa4+ Bd7 9. Qb3 Qc7 10. e4 O-O 11.
Nd2 Re8 12. Be2 Nh5 13. Be3 a6 14. a4 Nf6 15. O-O Ng4 16. Bxg4 Bxg4 17. f3 Bc8 18. Nc4 Nd7 19. Bf4 Ne5 20. Rfd1 Bd7 21. a5 Rab8 22.
Nb6 c4 23. Qc2 Nd3 24. Be3 Nb4 25. Qe2 Bb5 26. Rac1 Nd3 27. Rc2 Nxb2 28. Nxb5 axb5 29. Rxb2 f5 30. Rxb5 fxe4 31. Qxc4 Qe7 32. f4 Qh4 33. Rb2 Qg4 34. Rbd2 Re7 35. Qe2 Qf5 36. Rc2 Rbe8 37. Rdc1 h5 38. h3 Kh7 39. Rc7 Qf7 40. Rxe7 Rxe7 41. Rc8 Qf5 42. Rc2 Qf7 43. Qc4 Qf6 44. Rd2 Qa1+ 45. Kh2 Qxa5 46. Qb3 Rc7 47. Nc4 Qa6 48.
Rc2 b5 49. Nb6 Rb7 50. Rc6 Bf8 51. Qb4 Qa1 52. Qxe4 Qf6 53. Qd3 Re7 54. Bd2 Bh6 55. Qf3 Rf7 56. Rc2 Qf5 57. Rb2 Qf6 58. Rxb5 Qd4 59.
Rb4 Qxd2 60. Re4 Bxf4+ 61. Kg1 Qc1+ 0-1

[Event "*** Titled Tuesday Blitz"]
[Site "Chess.com"]
[Date "2019.04.02"]
[Round "1"]
[White "FrenchMonster2002"]
[Black "MatthewG-p4p"]
[Result "1-0"]
[WhiteElo "2368"]
[BlackElo "2656"]
[TimeControl "180+2"]
[EndTime "14:10:02 PDT"]
[Termination "FrenchMonster2002 won by resignation"]

1. e4 e6 2. d4 d5 3. Nc3 Bb4 4. e5 Ne7 5. Bd2 O-O 6. f4 f6 7. Nf3 a6 8. a3 Bxc3 9. bxc3 c5 10. Bd3 Bd7 11. O-O c4 12. Be2 Ba4 13. Rb1 b6 14.
Rb4 b5 15. exf6 gxf6 16. Nh4 Nbc6 17. Rb2 f5 18. Bh5 Kh8 19. Qe2 Qd6 20. Re1 Rf6 21.
Be3 Qxa3 22. Rbb1 Qxc3 23. Nf3 Qxc2 24. Qf1 Rh6 25. Bf7 Rf8 26. Ng5 Rf6 27. Bxe6 h6 28. Bd7 hxg5 29. fxg5 Rg6 30. h4 Rd6 31. Bxc6 Nxc6 32.
Bf4 Rd7 33. Qf3 Kg8 34. g6 Nxd4 35. Qh5 Ne2+ 36. Rxe2 Qxb1+ 37. Kh2 Qa1 38. Be5 Qxe5+ 39. Rxe5 c3 40. Rxd5 Rg7 41. Rxf5 Rd8 42. Rd5 Re8 43. Rc5 c2 44. Qd5+ Kf8 45. Qf5+ Kg8 46. Qd5+ Kf8 47. Qf5+ Kg8 48. Qd5+ Kh8 49. h5 Rge7 50. Qd4+ Kg8 51. h6 b4 52. h7+ Rxh7+ 53. gxh7+ Kxh7 54. Rh5+ Kg6 55. Qg4+ Kf6 56. Rf5+ Ke7 57. Qe4+ Kd6 58. Qxb4+ Ke6 59. Qe4+ Kd7 60. Qxa4+ 1-0

[Event "*** Titled Tuesday Blitz"]
[Site "Chess.com"]
[Date "2019.04.02"]
[Round "1"]
[White "ruvat"]
[Black "TomsKantans"]
[Result "0-1"]
[WhiteElo "2308"]
[BlackElo "2630"]
[TimeControl "180+2"]
[EndTime "14:10:02 PDT"]
[Termination "TomsKantans won by resignation"]

1. d4 Nf6 2. c4 g6 3. Nf3 Bg7 4.
g3 O-O 5. Bg2 d5 6. cxd5 Nxd5 7.
O-O Nc6 8. Nc3 e5 9. Nxd5 e4 10. Nc3 exf3 11. Bxf3 Nxd4 12. Bg2 c6 13. e3 Ne6 14. Qe2 Qe7 15. Rd1 h5 16. h4 Nc5 17.
e4 Bg4 18. f3 Be6 19. Bg5 Qc7 20. Rac1 Qxg3 21. Qf2 Qxf2+ 22. Kxf2 Nd7 23. f4 Nf6 24. f5 gxf5 25. exf5 Bxf5 26. Bf3 Ng4+ 27. Kg3 Rfe8 28. Re1 Kh7 29. Kf4 Kg6 30. Be4 Bxe4 31. Nxe4 Be5+ 32. Kf3 Bxb2 33. Rb1 Bd4 34. Rxb7 Re6 35.
Rd1 c5 36. Ng3 Rae8 37. Kg2 a5 38. Bf4 Bf6 39. Rb5 Bxh4 40. Rxc5 Bxg3 41. Kxg3 Ne3 42. Rg1 Nf5+ 43. Kh3+ Kf6 44. Bg5+ Kg6 45. Bh4+ Kh6 46. Rxf5 Re3+ 47. Bg3 Ra3 48. Rg2 Kg6 49. Rd5 Re4 50.
Rd6+ f6 51. Kh2 Kf7 52. Bf2 Rxa2 53. Rxf6+ Kxf6 54. Bh4+ Rxh4+ 0-1

[Event "*** Titled Tuesday Blitz"]
[Site "Chess.com"]
[Date "2019.04.02"]
[Round "1"]
[White "europa2012"]
[Black "evgenyermolaev"]
[Result "1-0"]
[WhiteElo "2136"]
[BlackElo "2509"]
[TimeControl "180+2"]
[EndTime "14:10:03 PDT"]
[Termination "europa2012 won by resignation"]

1. d4 Nf6 2. c4 c5 3. d5 g6 4. Nc3 Bg7 5. Nf3 d6 6. Bf4 O-O 7. e3 Na6 8. h3 Nc7 9. Bd3 Rb8 10.
a4 Na6 11. O-O Nb4 12. Be2 a6 13. Nd2 e6 14. dxe6 Bxe6 15. Nde4 Nxe4 16. Nxe4 Bxb2 17. Rb1 Be5 18. Bxe5 dxe5 19. Nxc5 a5 20. Nxe6 fxe6 21. Qb3 Qe7 22. Qc3 Qc5 23. Bg4 Rbe8 24. Rbd1 Re7 25.
Rd2 h5 26. Be2 Nc6 27. Rfd1 Qb4 28. Qc2 Kg7 29. Rd7 Rff7 30. Rxe7 Rxe7 31. Bd3 Rd7 32. Rb1 Qe7 33. Bxg6 Nb4 34. Qe4 Qf6 35. Bxh5 b6 36. Qg4+ Kh6 37. Be8 Rd2 38. Qh5+ Kg7 39. Rf1 Nd3 40. f3 Nc5 41. Rb1 e4 42. Rxb6 exf3 43. Qxf3 Qe7 44. Qg4+ Kf8 45. Rb8 Qd6 46. Qf3+ Kg8 47.
Bg6+ Kg7 48. Qf7+ Kh6 49. Qh7+ Kg5 50. Qh5+ Kf6 51. Rb1 Qg3 52. Rf1+ Ke7 53. Qxc5+ Rd6 54. Rf7+ Kd8 55. Qc7+ 1-0

[Event "*** Titled Tuesday Blitz"]
[Site "Chess.com"]
[Date "2019.04.02"]
[Round "1"]
[White "Roenko_Artur"]
[Black "GMsKoRPioN"]
[Result "0-1"]
[WhiteElo "2272"]
[BlackElo "2605"]
[TimeControl "180+2"]
[EndTime "14:10:10 PDT"]
[Termination "GMsKoRPioN won by checkmate"]

1. e4 d6 2. d4 g6 3. Nc3 Bg7 4. Bg5 a6 5. Qd2 b5 6. g3 Bb7 7. Bg2 Nd7 8. Nge2 c5 9. dxc5 Nxc5 10. Nd5 Bxd5 11. exd5 Bxb2 12. O-O Bg7 13. Nd4 h6 14.
Be3 Nf6 15. Nc6 Qc7 16. Bxc5 dxc5 17. Rae1 O-O 18. Nxe7+ Kh7 19. d6 Qd7 20. Bxa8 Rxa8 21.
Kg2 Rd8 22. Rd1 Bf8 23. Nd5 Qc6 24. f3 Rxd6 25. Nxf6+ Rxf6 26. Qd5 Qb6 27. Qd8 Bg7 28. Qxb6 Rxb6 29. Rd7 Kg8 30. Rfd1 Bd4 31. Rd8+ Kg7 32. Re1 Bf6 33. Rc8 c4 34. Ree8 Rd6 35. Re2 h5 36. f4 h4 37. Kf3 hxg3 38. hxg3 a5 39. Rc5 Rb6 40. Rd2 Rb7 41. Rdd5 b4 42. Rb5 Re7 43. Rxa5 Re1 44. Rdc5 c3 45. Rc4 Rf1+ 46. Kg2 Rc1 47. Rxb4 Rxc2+ 48. Kf3 Rd2 49. Ra7 Bd4 50. Rc7 Kf6 51.
Rbc4 Ke6 52. Ke4 f5+ 53. Kf3 Rf2# 0-1

[Event "*** Titled Tuesday Blitz"]
[Site "Chess.com"]
[Date "2019.04.02"]
[Round "1"]
[White "pheonixking2000"]
[Black "pastouche06"]
[Result "1-0"]
[WhiteElo "2764"]
[BlackElo "2429"]
[TimeControl "180+2"]
[EndTime "14:10:17 PDT"]
[Termination "pheonixking2000 won by resignation"]

1. d4 Nf6 2. Nf3 d5 3. Bf4 e6 4. e3 Bd6 5. Bxd6 Qxd6 6. c4 b6 7. Nc3 a6 8. cxd5 exd5 9. Rc1 O-O 10. g3 Nbd7 11. Bg2 Bb7 12. O-O Rfe8 13. a3 c5 14.
dxc5 bxc5 15. b4 Rac8 16. bxc5 Rxc5 17. Nd4 Rec8 18. Qb3 R5c7 19. Nce2 g6 20. Bh3 Rxc1 21. Rxc1 Rxc1+ 22. Nxc1 Qb6 23. Bxd7 Nxd7 24. Qxb6 Nxb6 25. Ncb3 Kf8 26. Kf1 Ke7 27. Ke2 Kd6 28. Nf3 f6 29. Ne1 Nc4 30. Nc2 Bc6 31. Nbd4 Bd7 32. h4 Kc5 33. Kd3 Ne5+ 34. Kc3 Ng4 35. f3 Ne5 36.
Nb4 a5 37. Nb3+ Kd6 38. Nxa5 Nxf3 39. Nb7+ Ke5 40. Nc5 Bb5 41. a4 Bc4 42. Nd7+ Kf5 43. Nb6 Bf1 44. N4xd5 Ke4 45. Nxf6+ Kxe3 46. a5 Ba6 47.
Nbd5+ Kf2 48. Ne4+ Kg2 49. Nc5 Bc8 50. Ne7 Bg4 51. Nc6 Bc8 52. Ne7 Bg4 53. a6 Ne5 54. Kd4 Nf7 55. a7 Bf3 56. Nd5 1-0

[Event "*** Titled Tuesday Blitz"]
[Site "Chess.com"]
[Date "2019.04.02"]
[Round "1"]
[White "HiHaruka"]
[Black "RitvarsReimanis"]
[Result "0-1"]
[WhiteElo "2246"]
[BlackElo "2574"]
[TimeControl "180+2"]
[EndTime "14:10:17 PDT"]
[Termination "RitvarsReimanis won by resignation"]

1. d4 Nf6 2. c4 e6 3. Nf3 d5 4. g3 Be7 5. Bg2 O-O 6. O-O dxc4 7. Ne5 Nc6 8. Nxc6 bxc6 9. e3 Rb8 10. Qa4 c5 11. Rd1 cxd4 12. Rxd4 Bd6 13. Nc3 Bb7 14. Qxc4 Bxg2 15. Kxg2 Qe7 16. a3 a5 17. Nb5 Bc5 18.
Rd3 Nd7 19. Rc3 Bb6 20. b4 axb4 21. axb4 Ne5 22. Qe4 f6 23. Ba3 Nf7 24. Nd4 Bxd4 25. Qxd4 Rfd8 26. Qc5 Qxc5 27. Rxc5 Rd7 28. Rac1 Rb7 29.
Rc6 Nd6 30. Rd1 Rb5 31. Rc5 Rb6 32. b5 Kf7 33. Rc6 Rxb5 34. Bxd6 Rb7 35. Rxc7 Rbxc7 36. Bxc7 Rxd1 37. Ba5 e5 38. Bb6 e4 39. Bd4 Ke6 40. h3 g6 41. g4 f5 42. Kg3 Rg1+ 43. Kf4 Rh1 44. Kg3 Kd5 45. gxf5 gxf5 46. h4 Ke6 47.
Bc5 Rg1+ 48. Kh3 Rg8 49. Bb6 Kd5 50. h5 Rg4 51. Bd8 Ke6 52. Bb6 Kf7 53. Bd4 Ke6 54. Bc5 Kd5 55. Bb6 Kc4 56. Bd4 Kd3 57. Bb6 Ke2 58. Bc5 Kxf2 59. Bb6 Kf3 60. Bc5 Rg1 61. Kh2 Rg5 62. Bd4 Rxh5+ 63. Kg1 Rg5+ 0-1

[Event "*** Titled Tuesday Blitz"]
[Site "Chess.com"]
[Date "2019.04.02"]
[Round "1"]
[White "David_Paravyan"]
[Black "Benjoneliere44"]
[Result "1/2-1/2"]
[WhiteElo "2794"]
[BlackElo "2456"]
[TimeControl "180+2"]
[EndTime "14:10:20 PDT"]
[Termination "Game drawn - insufficient material"]

1. e4 c5 2. Nf3 d6 3. d4 cxd4 4. Nxd4 Nf6 5. Nc3 g6 6. Bg5 Bg7 7. Qd2 O-O 8. Bh6 Nc6 9. Bxg7 Kxg7 10. O-O-O Nxd4 11. Qxd4 Be6 12. f4 Qa5 13. a3 Rac8 14. Bd3 Qc5 15. Be2 a6 16. Bf3 b5 17. Rhe1 Qxd4 18. Rxd4 Nd7 19. Re3 Nb6 20. f5 Bd7 21.
fxg6 hxg6 22. e5 Nc4 23. Re1 Be6 24. exd6 Nxd6 25. Nd5 Bxd5 26. Rxd5 Rc7 27. c3 Rb8 28. h4 a5 29. Kb1 b4 30. cxb4 axb4 31. a4 b3 32. Rc1 Ra7 33. a5 Rb4 34. h5 Ra4 35. hxg6 R7xa5 36. Rxa5 Rxa5 37. gxf7 Kxf7 38. Rc3 Rb5 39. Rxb3 Rxb3 40. Bd5+ Kf6 41. Bxb3 Ke5 42. Kc2 Kf4 43. Bd5 e5 44. b4 e4 45. Kc3 e3 46.
Kd3 Nb5 47. Bc6 e2 48. Kxe2 Nd4+ 49. Kd3 Nxc6 50. b5 Na5 51. Ke2 Kg3 52. Kf1 Nb7 53. b6 Nd6 54. Kg1 Nb7 55. Kf1 Nd6 56. Ke2 Kxg2 57.
Ke3 Nc4+ 58. Kd4 Nxb6 1/2-1/2

[Event "*** Titled Tuesday Blitz"]
[Site "Chess.com"]
[Date "2019.04.02"]
[Round "1"]
[White "r31415"]
[Black "Tiqr777"]
[Result "0-1"]
[WhiteElo "2328"]
[BlackElo "2642"]
[TimeControl "180+2"]
[EndTime "14:10:23 PDT"]
[Termination "Tiqr777 won by resignation"]

1. e4 c5 2. Nf3 d6 3. d4 cxd4 4. Nxd4 Nf6 5. Nc3 a6 6. h3 e5 7. Nde2 Be6 8. g4 h6 9. Bg2 Be7 10. O-O Nbd7 11. Be3 Nb6 12. b3 Qc7 13. Qd2 Rc8 14.
Rac1 O-O 15. Rfd1 Rfd8 16. Ng3 Nbd7 17. Nd5 Bxd5 18. exd5 Qc3 19. Qe2 Bf8 20. Nf5 Kh7 21. Kh2 g6 22. Nxh6 Bxh6 23. g5 Bg7 24. gxf6 Nxf6 25.
Rd3 Qc7 26. Bg5 Re8 27. h4 Nh5 28. c4 f6 29. Be4 f5 30. Bg2 e4 31. Re3 Qf7 32.
f4 Bh6 33. Bh3 Bxg5 34. hxg5 Nxf4 35. Qf2 Nh5 36. Bg4 Kg7 37. Bxh5 Rh8 38. Rg3 Rxh5+ 39. Kg2 Rch8 40. Qb2+ Kg8 41. Kf2 Rh2+ 42. Rg2 Rxg2+ 43. Kxg2 Qg7 44. Qxg7+ Kxg7 45. c5 dxc5 46. Rxc5 Rh5 47. Rc7+ Kf8 48. d6 Rxg5+ 49. Kf2 Ke8 50. Rxb7 f4 51. Re7+ Kd8 52. Rxe4 Rf5 53. Kf3 g5 54.
Kg4 Rd5 55. Ra4 a5 56. b4 axb4 57. Rxb4 Kd7 58. Rb6 Rxd6 59. Rb7+ Kc6 60. Rb8 Rd5 61. Rc8+ Kb5 62. Rb8+ Ka4 63. Ra8+ Kb4 64. a3+ Kb3 65. Kf3 Re5 66. a4 Re3+ 67. Kf2 g4 68. a5 g3+ 69. Kf1 f3 70. Rf8 g2+ 71. Kg1 Re1+ 0-1

[Event "*** Titled Tuesday Blitz"]
[Site "Chess.com"]
[Date "2019.04.02"]
[Round "1"]
[White "saraswathii"]
[Black "sergeikim"]
[Result "0-1"]
[WhiteElo "2241"]
[BlackElo "2574"]
[TimeControl "180+2"]
[EndTime "14:10:26 PDT"]
[Termination "sergeikim won by resignation"]

1. d4 Nf6 2. Bf4 g6 3. e3 Bg7 4. Nf3 O-O 5. c4 d6 6. Nc3 Nbd7 7. Be2 b6 8. O-O Bb7 9. a4 a5 10. h3 Ne4 11. Nxe4 Bxe4 12. Nd2 Bb7 13. Bf3 Qc8 14. Bxb7 Qxb7 15. Qf3 Qxf3 16. Nxf3 e5 17. Bg3 f6 18.
Rfd1 Rfd8 19. Rac1 Kf7 20. Nd2 h6 21. Nb3 Rab8 22.
Rd2 g5 23. Rcc2 f5 24. f3 f4 25. exf4 exf4 26. Bf2 Re8 27. Rd3 c6 28. c5 bxc5 29.
dxc5 d5 30. Nxa5 Ne5 31. Rdd2 Rb4 32. Re2 Ra8 33. Rxe5 Rxa5 34. Re1 Raxa4 35. Rce2 Bf6 36. Re6 Ra6 37. Rd6 Rb7 38. Kh2 Re7 39. b4 Rxe1 40. Bxe1 Be5 41. Rxh6 Ra1 42. Bf2 Ra2 43. Bg1 Bf6 44. h4 gxh4 45. Rh7+ Ke6 46. Rc7 Ra6 47. Kh3 d4 48. Bf2 d3 49. Be1 Kd5 50. Rf7 Bd4 51.
Rxf4 Ra1 52. Bxh4 d2 53. Rxd4+ Kxd4 54. Bf6+ Kc4 55. Bxa1 d1=Q 56. Be5 Qe2 57. Bd6 Kxb4 58. Kg3 Kc4 59. Kh3 Kd5 60. Kg3 Ke6 61. Kf4 Qxg2 62. Ke4 Qh3 63. f4 Qf5+ 64. Ke3 Kd5 65. Kf3 Kd4 66.
Kg3 Ke3 67. Be5 Qg6+ 0-1